AoeStats
← Jennie

Pilgrims

507659016Analyzed
3v3 RM · 13d ago on Sep 19, 2026· 63m 5s· 6 players
Game mode
Random Map
Map size
Normal (6 player)
Population
200
Speed
Normal
Resources
Standard
Victory
Conquest
Starting age
Dark Age
Ending age
Imperial Age
RankedLock teamsTeams togetherTeam positionsShared explorationLock speedFull tech treeHidden civsTurbo modeCheats
Victory
Defeat
🇨🇳 Saracens · China
1002
+12
🇨🇳 Spanish · China
973
+14
901
+17
🇺🇸 Portuguese · United States
943
-15
🇺🇸 Huns · United States
933
-15
🇺🇸 Malay · United States
880
-13
Diesel_Dab
9:35 Loom
12:28 Feudal Age
13:08 Double-Bit Axe
18:15 Castle Age
16:21 Fishing Lines
21:49 Wheelbarrow
21:53 Gillnets
22:47 Bow Saw
24:21 Medium Warships
24:31 Hand Cart
28:09 Thumb Ring
29:07 Gold Mining
29:52 Clinker Construction
29:53 Careening
30:04 Ballistics
29:51 Padded Archer Armor
29:42 Fletching
31:30 Leather Archer Armor
31:10 Bodkin Arrow
32:44 Horse Collar
40:12 Imperial Age
39:40 Husbandry
39:50 Bloodlines
41:28 Marauders
41:09 Light Cavalry
44:52 Parthian Tactics
46:15 Heavy Warships
47:48 Heavy Cavalry Archer
54:30 Bracer
54:36 Scale Barding Armor
54:42 Forging
56:20 Chemistry
CoCoBudda42
7:30 Loom
12:29 Feudal Age
16:07 Double-Bit Axe
18:24 Fletching
21:27 Castle Age
21:44 Crossbowman
22:30 Thumb Ring
24:37 Bodkin Arrow
40:49 Imperial Age
41:43 Bracer
42:32 Arbalester
44:56 Ballistics
45:36 Chemistry
47:37 Wheelbarrow
shabolobodingdong
11:33 Loom
13:41 Feudal Age
13:30 Fishing Lines
14:17 Double-Bit Axe
19:37 Castle Age
25:55 Husbandry
42:37 Imperial Age
40:29 Thalassocracy
50:04 Pikeman
52:00 Halberdier
53:47 Gillnets
59:05 Squires
58:52 Arson
Jennie
5:24 Loom
13:43 Feudal Age
17:16 Wheelbarrow
25:33 Castle Age
27:17 Hand Cart
31:07 Coinage
32:19 Double-Bit Axe
44:35 Stone Mining
52:54 Bow Saw
289487648
4:51 Loom
13:00 Feudal Age
17:22 Castle Age
15:50 Arson
18:56 Squires
18:17 Man-at-Arms
19:51 Double-Bit Axe
21:48 Horse Collar
22:51 Wheelbarrow
22:19 Fishing Lines
24:15 Gillnets
24:35 Medium Warships
24:59 Hand Cart
25:17 Town Watch
25:34 Gold Mining
25:41 Stone Mining
28:02 Town Patrol
28:41 Husbandry
28:51 Bloodlines
32:34 Imperial Age
30:49 Fortified Wall
32:52 Fletching
33:03 Padded Archer Armor
33:43 Scale Barding Armor
34:13 Coinage
35:15 Conscription
35:15 Supremacy
35:29 Banking
35:52 Heavy Warships
35:22 Pikeman
38:22 Heavy Plow
41:20 Cavalier
42:24 Chain Barding Armor
42:15 Forging
42:54 Stone Shaft Mining
45:33 Plate Barding Armor
45:33 Iron Casting
49:18 Paladin
53:11 Blast Furnace
54:29 Chemistry
53:50 Ballistics
53:38 Scale Mail Armor
60:20 Demolition Ship
60:21 Elite Cannon Galleon
62:48 Heavy Demolition Ship
Alaric the Visigoth
6:22 Loom
11:57 Feudal Age
12:47 Double-Bit Axe
15:53 Castle Age
16:55 Bow Saw
17:25 Fletching
18:19 Bodkin Arrow
18:46 Scale Mail Armor
35:20 Fishing Lines
38:57 Horse Collar
46:53 Medium Warships
46:56 Bodkin Arrow
49:48 Clinker Construction
53:05 Careening
53:17 Ballistics
53:08 Careening
55:33 Coinage
57:36 Imperial Age
59:46 Heavy Warships
Connection lost

Rejoining the realm…

Still unreachable

The connection could not be restored.

Session expired

The server has moved on; the page needs a fresh start.